 Dungeon Crawl Stone Soup version 0.30.1-4-g462c640d31 (webtiles) character file.

Game seed: 13525206642730873517

82 safid the Chiller (level 4, -2/33 HPs)
             Began as a Merfolk Ice Elementalist on Sept 8, 2023.
             Slain by a gnoll
             ... wielding a +0 spear
              (8 damage)
             ... on level 3 of the Dungeon.
             The game lasted 00:02:30 (2537 turns).

safid the Chiller (Merfolk Ice Elementalist)        Turns: 2537, Time: 00:02:31

Health: -2/33      AC:  4    Str:  8    XL:     4   Next: 43%
Magic:  3/8        EV: 12    Int: 16    God:
Gold:   106        SH:  0    Dex: 14    Spells: 4/8 levels left

rFire   . . .        m - +2 dagger (flame)
rCold   + . .        (no shield)
rNeg    . . .        a - +0 robe
rPois   +            c - +0 helmet of the Blessed Realm {rPois Will+}
rElec   .            k - +0 cloak
rCorr   .            (no gloves)
SInv    .            (no boots)
Will    +....        (no amulet)
Stlth   ++           l - ring of protection from cold
HPRegen 0.25/turn    (no ring)
MPRegen 0.11/turn

%: no passive effects
@: flying, very slightly contaminated
A: (nimble swimmer 2), mertail
a: no special abilities


You were on level 3 of the Dungeon.
You visited 1 branch of the dungeon, and saw 3 of its levels.

You collected 106 gold pieces.

Inventory:

Hand Weapons
 m - a +2 dagger of flaming (weapon)
Armour
 a - a +0 robe (worn)
 c - the +0 helmet of the Blessed Realm (worn) {rPois Will+}
   (You found it on level 3 of the Dungeon)

   rPois:     It protects you from poison.
   Will:      It increases your willpower.
 k - a +0 cloak (worn)
Jewellery
 l - a ring of protection from cold (left hand)
Scrolls
 d - a scroll of fear {unknown}
 f - a scroll of amnesia {unknown}
 h - a scroll of blinking {unknown}
 j - a scroll of identify {unknown}
Potions
 b - a potion of magic
 e - a potion of heal wounds {unknown}
 g - a potion of attraction {unknown}
 i - a potion of flight


   Skills:
 + Level 2.2 Fighting
 - Level 2.6 Dodging
 - Level 2.1 Stealth
 + Level 2.9 Spellcasting
 + Level 5.1 Ice Magic


You had 4 spell levels left.
You knew the following spells:

 Your Spells              Type           Power      Damage    Failure   Level
a - Freeze                Ice            72%        1d8       2%          1
b - Frozen Ramparts       Ice            36%        1d6       7%          3

Your spell library contained the following spells:

 Spells                   Type           Power      Damage    Failure   Level
 Ozocubu's Armour         Ice            18%        N/A       7%          3
 Sting                    Tmut/Pois      8%         1d3       19%         1
 Poisonous Vapours        Pois/Air       4%         N/A       28%         2
 Summon Ice Beast         Ice/Summ       10%        N/A       54%         4
 Olgreb's Toxic Radiance  Pois           2%         N/A       88%         4


Dungeon Overview and Level Annotations

Branches:
Dungeon (3/15)

Altars:
Sif Muna


Innate Abilities, Weirdness & Mutations

((You are very nimble when in or above water. (Stealth+, EV+, Speed+++)))
Your lower body shifts to a powerful aquatic tail in water.


Message History

The wall freezes the gnoll.
The gnoll misses you.
You hit the gnoll but do no damage.
The gnoll is lightly wounded.
The wall freezes the bat.
You kill the bat!
The wall freezes the gnoll.
The gnoll closely misses you.
The wall freezes the gnoll.
The gnoll hits you with a +0 club.
Unknown command.
You hit the gnoll. You burn the gnoll.
The gnoll is severely wounded.
The wall freezes the gnoll.
The gnoll hits you from afar with a +0 spear.
The wall freezes the gnoll.
The gnoll closely misses you.
The wall freezes the gnoll.
The gnoll hits you but does no damage.
Unknown command.
You hit the gnoll. You burn the gnoll.
You kill the gnoll!
The wall freezes the gnoll.
The gnoll completely misses you.
The wall freezes the gnoll.
The gnoll hits you from afar with a +0 spear!
Unknown command.
Unknown command.
Unknown command.
The wall freezes the gnoll but does no damage.
The gnoll hits you from afar with a +0 spear.
* * * LOW HITPOINT WARNING * * *
The wall freezes the gnoll but does no damage.
The gnoll hits you from afar with a +0 spear.
* * * LOW HITPOINT WARNING * * *
Unknown command.
It was a potion of flight.
You feel very buoyant.
You fly up into the air.
The wall freezes the gnoll.
The gnoll barely misses you.
The wall freezes the gnoll.
You kill the gnoll!
Okay, then.
Unknown command.
The frozen ramparts melt away.
The gnoll hits you from afar with a +0 spear!
You die...

#.# ######### #.#
#.......##. #
#.####.#####.##. .#
........# #.##. ####. #
#.###...## #.##. #... .
#.# #....# #.##. #..#.# #
#.####...# #.##. #..#.#.#
.........###.##.##).....#
######..†....##.@)g....>#
# ###.#########.###..# ##
##.#.# #......#
.####....##########....###
.+.......................+
.####....##########....###
## #..### ##.#.# # #.##
...# #####.# #..#


You could see a gnoll.

Vanquished Creatures
  2 gnolls (D:3)
  An adder (D:2)
  3 worms (D:2)
  A dart slug (D:2)
  An endoplasm (D:2)
  3 giant cockroaches
  4 goblins
  5 hobgoblins
  4 kobolds
  A quokka (D:2)
  6 ball pythons
  5 bats
  2 frilled lizards (D:1)
  2 rats
40 creatures vanquished.

Notes
Turn   | Place    | Note
-------+----------+-------------------------------------------
     0 | D:1      | safid the Merfolk Ice Elementalist began the quest for the
                  | Orb.
     0 | D:1      | Reached XP level 1. HP: 13/13 MP: 3/3
   249 | D:1      | Reached XP level 2. HP: 15/20 MP: 1/5
   315 | D:1      | Reached skill level 1 in Fighting
  1324 | D:2      | Reached XP level 3. HP: 19/26 MP: 0/6
  1328 | D:2      | Learned a level 3 spell: Frozen Ramparts
  1826 | D:2      | Found a shimmering blue altar of Sif Muna.
  2085 | D:2      | Reached XP level 4. HP: 22/33 MP: 4/8
  2354 | D:3      | Reached skill level 5 in Ice Magic
  2414 | D:3      | Identified the +0 helmet of the Blessed Realm {rPois Will+}
  2537 | D:3      | Slain by a gnoll

Illustrated notes

Levels and vault maps discovered:
D:1:      wander_arrival_fairy_ring, layout_basic, serial_glass,
          glass_columns_b, glass_columns_c, glass_columns_c, glass_columns_b,
          feat_on_display, minmay_strange_pillars, feat_on_display,
          nicolae_figureground_sparkle
D:2:      layout_basic, basic_altar, chequers_serial_rivers_small_b,
          minmay_misc_feat_room
D:3:      layout_loops_corners, mainiacjoe_overflow_small_starburst,
          nicolae_overflow_two_pavilions

Skill      XL: |  1  2  3  4 |
---------------+-------------+-----
Fighting       | 1 2 |  2.2
Ice Magic      | 5 |  5.1
Dodging        | |  2.6
Stealth        | |  2.1
Spellcasting   | |  2.9

Action                     |  1- 3 |  4- 6 || total
---------------------------+-------+-------++-------
  Melee: Unarmed           |     4 |       ||     4
         Dagger            |    64 |     8 ||    72
         Punch             |       |     1 ||     1
   Cast: Freeze            |    45 |       ||    45
         Frozen Ramparts   |     1 |     1 ||     2
    Use: Potion            |       |     1 ||     1
   Stab: Sleeping          |     4 |     1 ||     5
 Armour: Robe              |    18 |     3 ||    21
  Dodge: Dodged            |    65 |    16 ||    81
